 Dungeon Sprint DCSS version 0.30-a0-719-gcc4359ea44 (webtiles) character file.

Game seed: 14473840390550547665

831 BigDaddyOpFi the Demonic Disaster (level 7, -4/63 HPs)
             Began as a Demonspawn Fighter on Jan 26, 2023.
             Was a Believer of Qazlal.
             Slain by an entropy weaver (shapeshifter) (12 damage)
             ... in the Dungeon (Sprint IX: "|||||||||||||||||||||||||||||").
             The game lasted 00:01:40 (817 turns).

BigDaddyOpFi the Demonic Disaster (DsFi)             Turns: 817, Time: 00:01:41

Health: -4/63      AC: 16    Str: 19    XL:     7   Next: 65%
Magic:  13/13      EV:  7    Int: 15    God:    Qazlal [**....]
Gold:   0          SH:  8    Dex: 12    Spells: 6/6 levels left

rFire   . . .      SeeInvis .    m - +1 broad axe (freeze)
rCold   . . .      Faith    .    c - +0 buckler
rNeg    . . .      Spirit   .    p - +0 plate armour
rPois   .          Reflect  .    n - +0 helmet
rElec   .          Harm     .    (no cloak)
rCorr   .          Rampage  .    o - +0 pair of gloves
Will    .....      NoTele   +    (no boots) Stlth
                                 (no amulet)
HPRegen 0.30/turn                q - +3 ring of intelligence
MPRegen 0.13/turn                r - +3 ring of intelligence

@: no status effects
A: demonic guardian 2, sturdy frame 1
a: Renounce Religion, Upheaval


You were in the Dungeon.
You worshipped Qazlal.
Qazlal was pleased with you.
You visited 1 branch

Inventory:

Hand Weapons
 a - a +0 war axe
 m - a +1 broad axe of freezing (weapon)
Armour
 b - a +0 scale mail
 c - a +0 buckler (worn)
 n - a +0 helmet (worn)
 o - a +0 pair of gloves (worn)
 p - a +0 plate armour (worn)
Jewellery
 q - a +3 ring of intelligence (left hand)
 r - a +3 ring of intelligence (right hand)
Wands
 l - a wand of iceblast (9) (quivered)
Scrolls
 j - 2 scrolls of blinking
 k - 2 scrolls of amnesia
Potions
 d - a potion of invisibility
 e - 2 potions of curing
 g - a potion of haste
 h - 4 potions of magic
 i - a potion of berserk rage


   Skills:
 + Level 8.3 Fighting
 + Level 7.3 Axes
 + Level 7.6 Armour
 + Level 7.5 Shields
 * Level 9.1 Invocations


You had 6 spell levels left.
You didn't know any spells.
Your spell library was empty.

Dungeon Overview and Level Annotations

Branches:
Dungeon (1/1)

Altars:
Cheibriados
Dithmenos
Fedhas
Gozag
Hepliaklqana
Kikubaaqudgha
Makhleb
Nemelex Xobeh
Okawaru
Qazlal
Ru
Sif Muna
Trog
Uskayaw
Vehumet
Wu Jian
Xom
Yredelemnul
Jiyva
Lugonu


Innate Abilities, Weirdness & Mutations

A demonic guardian rushes to your aid.
Your movements are slightly less encumbered by armour. (ER -2)


Message History

You hit the purple ugly thing. You freeze the purple ugly thing.
The purple ugly thing is moderately wounded.
You closely miss the entropy weaver.
The purple ugly thing barely misses you.
The entropy weaver hits you but does no damage. x2
The entropy weaver hits you.
* * * LOW HITPOINT WARNING * * *
The entropy weaver hits you but does no damage.
You are too confused!
You bump into the unnaturally hard rock wall.
The red devil disappears in a puff of smoke!
The purple ugly thing tail-slaps you.
* * * LOW HITPOINT WARNING * * *
The kobold demonologist casts a spell.
The entropy weaver hits you.
* * * LOW HITPOINT WARNING * * *
The entropy weaver hits you but does no damage. x2
The entropy weaver hits you.
* * * LOW HITPOINT WARNING * * *
You feel better. The entropy weaver barely misses you.
The entropy weaver hits you but does no damage. x2
The entropy weaver hits you.
* * * LOW HITPOINT WARNING * * *
The purple ugly thing tail-slaps you but does no damage.
The kobold demonologist mumbles some strange words.
The entropy weaver hits you.
* * * LOW HITPOINT WARNING * * *
You block the entropy weaver's attack. x2
The entropy weaver hits you but does no damage.
You feel better.
The purple ugly thing tail-slaps you but does no damage.
The entropy weaver hits you but does no damage.
You block the entropy weaver's attack.
The entropy weaver hits you but does no damage.
The entropy weaver hits you!
* * * LOW HITPOINT WARNING * * *
You feel better. The purple ugly thing tail-slaps you!
* * * LOW HITPOINT WARNING * * *
You block the entropy weaver's attack. The entropy weaver hits you!
You die...

▓.▓
▓Q▓
▓5▓
▓T▓
▓K▓
▓5▓
▓V▓
▓u▓
▓@▓
▓B▓
▓.▓
▓.▓
▓)▓
▓)▓
▓.▓
▓.▓
▓.▓


You could see an entropy weaver shaped shifter, a purple ugly thing, a kobold
demonologist, a troll, a vampire, a tengu conjurer, a crimson imp (summoned) and
a white imp (summoned).

Vanquished Creatures
  A yak (D)
  2 acid dragons (D)
  An orc warrior (D)
  An ogre (D)
  A centaur (D)
  A kobold brigand (D)
  A phantom (D)
  A hound (D)
  An iguana (D)
  An orc (D)
  A ball python (D)
  A bat (D)
  An endoplasm (D)
  A hobgoblin (D)
  A rat (D)
16 creatures vanquished.

Notes
Turn   | Place    | Note
-------+----------+-------------------------------------------
     0 | D        | BigDaddyOpFi the Demonspawn Fighter began the quest for the
                  | Orb.
     0 | D        | Reached XP level 1. HP: 18/18 MP: 1/1
   222 | D        | Noticed an ogre
   222 | D        | Noticed a hound
   222 | D        | Noticed an iguana
   222 | D        | Noticed a phantom
   231 | D        | Killed a phantom
   232 | D        | Reached skill level 5 in Fighting
   232 | D        | Gained mutation: Your movements are slightly less
                  | encumbered by armour. (ER -2) [demonic ancestry]
   232 | D        | Reached XP level 2. HP: 20/27 MP: 2/2
   232 | D        | Reached XP level 3. HP: 25/33 MP: 3/3
   232 | D        | Reached XP level 4. HP: 30/39 MP: 4/4
   240 | D        | Reached skill level 5 in Armour
   240 | D        | Reached skill level 5 in Shields
   241 | D        | Killed an ogre
   242 | D        | Reached skill level 5 in Axes
   242 | D        | Gained mutation: A weak demonic guardian rushes to your
                  | aid. [demonic ancestry]
   242 | D        | Reached XP level 5. HP: 38/47 MP: 5/5
   340 | D        | Found a snail-covered altar of Cheibriados.
   340 | D        | Found a shadowy altar of Dithmenos.
   340 | D        | Found a blossoming altar of Fedhas.
   340 | D        | Found an opulent altar of Gozag.
   341 | D        | Found a hazy altar of Hepliaklqana.
   342 | D        | Found a viscous altar of Jiyva.
   343 | D        | Found an ancient bone altar of Kikubaaqudgha.
   344 | D        | Found a corrupted altar of Lugonu.
   345 | D        | Found a burning altar of Makhleb.
   346 | D        | Found a sparkling altar of Nemelex Xobeh.
   347 | D        | Found an iron altar of Okawaru.
   348 | D        | Found a stormy altar of Qazlal.
   349 | D        | Found a sacrificial altar of Ru.
   350 | D        | Found a shimmering blue altar of Sif Muna.
   351 | D        | Found a bloodstained altar of Trog.
   352 | D        | Found a hide-covered altar of Uskayaw.
   353 | D        | Found a radiant altar of Vehumet.
   354 | D        | Found an ornate altar of the Wu Jian Council.
   355 | D        | Found a shimmering altar of Xom.
   356 | D        | Found a basalt altar of Yredelemnul.
   358 | D        | Became a worshipper of Qazlal Stormbringer
   412 | D        | Noticed an orc warrior
   412 | D        | Noticed a centaur
   412 | D        | Noticed an acid dragon
   412 | D        | Noticed a yak
   412 | D        | Noticed an acid dragon
   427 | D        | Reached skill level 3 in Invocations
   427 | D        | Reached XP level 6. HP: 28/53 MP: 5/8
   432 | D        | Killed an acid dragon
   433 | D        | Reached skill level 5 in Invocations
   437 | D        | Killed a yak
   437 | D        | Reached * piety under Qazlal
   438 | D        | Reached skill level 7 in Invocations
   438 | D        | Gained mutation: A demonic guardian rushes to your aid.
                  | [demonic ancestry]
   438 | D        | Reached XP level 7. HP: 31/61 MP: 6/12
   441 | D        | Reached skill level 8 in Invocations
   451 | D        | Reached ** piety under Qazlal
   452 | D        | Reached skill level 9 in Invocations
   793 | D        | Noticed a tengu conjurer
   793 | D        | Noticed a troll
   793 | D        | Noticed a kobold demonologist
   793 | D        | Noticed a golden eye
   793 | D        | Noticed a purple ugly thing
   793 | D        | Noticed a vampire
   796 | D        | Noticed a red devil
   812 | D        | a golden eye changed into an entropy weaver
   812 | D        | Noticed an entropy weaver (shapeshifter)
   817 | D        | Slain by an entropy weaver (shapeshifter)

Illustrated notes

Levels and vault maps discovered:
D:        linesprint [early_d, line_temple, items_1, d_10, items_2, lair_1,
          lair_end, items_3, orc_1, orc_end, items_4, d_15, swamp_1, shoals_1,
          snake_1, spider_1, d_20, vaults_1, items_5, swamp_end, shoals_end,
          snake_end, spider_end, vaults_end, d_27, items_6, zot_1, zot_end,
          crypt_end, forest_end, elf_end, slime_end, tomb_end, abyss_end,
          pan_hell_end]

Skill      XL: |  1  2  3  4  5  6  7 |
---------------+----------------------+-----
Axes           | 4 5 6 7 |  7.3
Armour         | 4 6 7 |  7.6
Shields        | 4 6 7 |  7.5
Fighting       | 5 6 7 8 |  8.3
Invocations    | 3 7 9 |  9.1

Action                     |  1- 3 |  4- 6 |  7- 9 || total
---------------------------+-------+-------+-------++-------
  Melee: War axe           |    24 |    11 |       ||    35
         Broad axe         |       |    21 |    22 ||    43
  Evoke: Wand              |       |     1 |       ||     1
    Use: Potion            |     1 |     1 |     5 ||     7
 Armour: Scale mail        |    12 |       |       ||    12
         Plate armour      |       |    13 |    25 ||    38
  Dodge: Dodged            |     8 |    13 |     7 ||    28
  Block: Buckler           |     4 |     8 |    12 ||    24

Table legend: (Time is in decaauts)
 A = Elapsed time spent in this place.
 B = Non-inter-level travel time spent in this place.
 C = Inter-level travel time spent in this place.
 D = Time resting spent in this place.
 E = Time spent auto-exploring this place.
 F = Levels seen in this place.
 G = Mean time per level.
                   A        B        C        D        E       F      G
               +--------+--------+--------+--------+--------+-----+--------+
         Total |    843 |    843 |      0 |    625 |      0 |   1 |  843.0 |
       Dungeon |    843 |    843 |      0 |    625 |      0 |   1 |  843.0 |
               +--------+--------+--------+--------+--------+-----+--------+

Top non-repeatable levels by time:
       D: 843 daAuts
